 Dungeon Crawl Stone Soup version 0.30-a0-439-g9e77e4d916 (webtiles) character file.

Game seed: 6986116313130813696

199250 Armakuni the Gelid (level 17, -14/115 HPs)
             Began as a Vampire Ice Elementalist on Dec 10, 2022.
             Was an Initiate of Gozag.
             Demolished by a goliath frog (15 damage)
             ... on level 2 of the Swamp.
             The game lasted 02:56:42 (35134 turns).

Armakuni the Gelid (Vampire Ice Elementalist)      Turns: 35134, Time: 02:56:42

Health: -14/115    AC: 17    Str: 11    XL:     17   Next: 84%
Magic:  35/35      EV: 12    Int: 34    God:    Gozag
Gold:   2045       SH:  5    Dex: 15    Spells: 3/44 levels left

rFire   + + .      SeeInvis +    a - +6 dagger (elec)
rCold   . . .      Faith    .    J - +0 buckler {rF+}
rNeg    . . .      Spirit   .    x - +6 scale mail {Will+}
rPois   +          Reflect  .    u - +2 helmet {Int+3}
rElec   .          Harm     .    g - +1 cloak of Blue Skies {rPois rC+}
rCorr   .          Rampage  .    i - +1 pair of gloves of Qazlal, Flying {Will+}
Will    +++..      Archmagi +    o - +1 pair of boots
Stlth   +++++.....               M - amulet of Vitality {RegenMP++ Regen++}
HPRegen 2.19/turn                F - ring of Jidevaw {Fire Drain Str+2 Int+8}
MPRegen 1.04/turn                W - ring of the Mage {Wiz Archmagi}

@: corroded, gold aura, healing quickly
A: alive, fangs 3, see invisible, vampiric 2
}: 1/15 runes: gossamer
a: Exsanguinate, Renounce Religion, Potion Petition, Call Merchant, Bribe Branch


You were on level 2 of the Swamp.
You worshipped Gozag.
Gozag was most pleased with you.
You visited 6 branches of the dungeon, and saw 29 of its levels.
You visited the Abyss 1 time.
You also visited: Gauntlet and Ice Cave.

You collected 11017 gold pieces.
You spent 4396 gold pieces at shops.
You paid 4576 gold pieces to Gozag.

Inventory:

Hand Weapons
 a - a +6 dagger of electrocution (weapon)
 b - the +9 long sword of Experimentation {vorpal, rElec Will+ Str+2}
   (You took it off a skeletal warrior on level 15 of the Dungeon)

   It inflicts extra damage upon your enemies.
   Str:       It affects your strength (+2).
   rElec:     It insulates you from electricity.
   Will:      It increases your willpower.
 c - the +8 whip "Snakebite" {venom, curare, rPois}
   (You took it off Amaemon on level 2 of the Lair of Beasts)

   It poisons the flesh of those it strikes.
   It occasionally inflicts asphyxiating poison on those it strikes, dealing
   poison damage and causing slowness.
   rPois:     It protects you from poison.
Missiles
 r - 5 curare-tipped darts (quivered)
 z - 2 throwing nets
Armour
 g - the +1 cloak of Blue Skies (worn) {rPois rC+}
   (You bought it in a shop on level 8 of the Dungeon)

   rC:        It protects you from cold.
   rPois:     It protects you from poison.
 i - the +1 pair of gloves of Qazlal, Flying (worn) {Will+}
   (You bought it in a shop on level 1 of the Lair of Beasts)

   Will:      It increases your willpower.
 o - a +1 pair of boots (worn)
 u - a +2 helmet of intelligence (worn)
 x - a +6 scale mail of willpower (worn)
 J - a +0 buckler of fire resistance (worn)
Magical Staves
 O - a staff of cold
Jewellery
 F - the ring of Jidevaw (left hand) {Fire Drain Str+2 Int+8}
   (You found it on level 1 of the Lair of Beasts)

   [ring of fire]

   It enhances your fire magic.
   Str:       It affects your strength (+2).
   Int:       It affects your intelligence (+8).
   rF:        It protects you from fire.
   rC:        It makes you vulnerable to cold.
   Drain:     It drains your maximum health when unequipped.
 L - a ring of flight
 M - the amulet of Vitality (around neck) {RegenMP++ Regen++}
   (You found it in an ice cave)

   [amulet of magic regeneration]

   It increases your rate of magic regeneration.
   Regen:     It increases your rate of health regeneration.
 W - the ring of the Mage (right hand) {Wiz Archmagi}
   (You bought it in a shop on level 1 of the Lair of Beasts)

   [ring of wizardry]

   It improves your spell success rate.
   Archmagi:  It increases the power of your magical spells.
Wands
 k - a wand of digging (14)
 n - a wand of flame (21)
 p - a wand of paralysis (8)
 C - a wand of polymorph (6)
 D - a wand of iceblast (5)
Scrolls
 f - 5 scrolls of fear
 l - 8 scrolls of poison
 m - 5 scrolls of blinking
 q - 5 scrolls of magic mapping
 s - a scroll of vulnerability
 v - 2 scrolls of noise
 B - 4 scrolls of teleportation
 E - 2 scrolls of enchant armour
 P - 7 scrolls of fog
Potions
 d - 5 potions of heal wounds
 h - 2 potions of invisibility
 j - 5 potions of ambrosia
 t - 6 potions of brilliance
 w - 2 potions of flight
 y - 3 potions of lignification
 A - 4 potions of might
 G - 3 potions of magic
 H - 6 potions of haste
 I - 11 potions of mutation
 K - 14 potions of curing
 N - a potion of berserk rage
 X - a potion of cancellation


   Skills:
 - Level 5.0 Fighting
 - Level 10.8 Short Blades
 - Level 10.0 Armour
 - Level 10.0 Dodging
 - Level 15.0 Stealth
 + Level 4.6 Shields
 - Level 14.0 Spellcasting
 - Level 5.0 Conjurations
 - Level 10.0 Hexes
 - Level 5.0 Summonings
 - Level 4.0 Transmutations
 - Level 4.0 Fire Magic
 - Level 16.8 Ice Magic
 - Level 5.0 Air Magic


You had 3 spell levels left.
You knew the following spells:

 Your Spells              Type           Power      Damage    Failure   Level
c - Confusing Touch       Hex            95%        N/A       1%          3
e - Ensorcelled Hibernat  Hex/Ice        100%       N/A       1%          2
h - Swiftness             Air            72%        N/A       1%          3
j - Freezing Cloud        Conj/Ice/Air   45%        6-21      2%          5
n - Summon Ice Beast      Ice/Summ       98%        N/A       1%          4
o - Ozocubu's Armour      Ice            100%       N/A       1%          3
p - Passwall              Tmut/Erth      45%        N/A       2%          2
r - Frozen Ramparts       Ice            100%       1d16      1%          3
s - Sticky Flame          Conj/Fire      89%        2d10      6%          4
v - Summon Mana Viper     Hex/Summ       84%        N/A       4%          5
w - Wereblood             Tmut           66%        N/A       1%          2
E - Metabolic Englaciati  Hex/Ice        53%        N/A       1%          5

Your spell library contained the following spells:

 Spells                   Type           Power      Damage    Failure   Level
 Freeze                   Ice            100%       1d10      0%          1
 Beastly Appendage        Tmut           100%       N/A       1%          1
 Kiss of Death            Conj/Necr      100%       2d13      1%          1
 Summon Small Mammal      Summ           100%       N/A       1%          1
 Call Imp                 Summ           72%        N/A       1%          2
 Momentum Strike          Conj/Tloc      100%       3d10      1%          2
 Call Canine Familiar     Summ           72%        N/A       1%          3
 Portal Projectile        Hex/Tloc       100%       N/A       1%          3
 Summon Guardian Golem    Hex/Summ       84%        N/A       1%          3
 Cigotuvi's Dreadful Rot  Necr/Pois/Air  100%       N/A       3%          2
 Kindle Blastsparks       Fire/Tloc/Air  100%       2d18      3%          3
 Ignite Poison            Fire/Tmut/Pois 76%        N/A       4%          3
 Spider Form              Tmut/Pois      54%        N/A       4%          3
 Gell's Gravitas          Tloc           35%        N/A       12%         3
 Teleport Other           Tloc           35%        N/A       12%         3
 Leda's Liquefaction      Hex/Erth       36%        N/A       4%          4
 Silence                  Hex/Air        42%        N/A       4%          5
 Iskenderun's Battlesphe  Conj           72%        2d12      13%         5
 Irradiate                Conj/Tmut      34%        3d23      16%         5
 Blade Hands              Tmut           33%        N/A       21%         5
 Dispel Undead            Necr           35%        3d15      34%         4
 Passage of Golubria      Tloc           35%        N/A       34%         4
 Summon Forest            Summ/Tloc      28%        N/A       34%         5
 Summon Cactus Giant      Summ           36%        N/A       56%         6
 Borgnjor's Vile Clutch   Necr/Erth      17%        N/A       67%         5
 Iron Shot                Conj/Erth      28%        9d6       87%         6
 Spellforged Servitor     Conj/Summ      36%        N/A       98%         7
 Summon Hydra             Summ           36%        N/A       98%         7
 Death Channel            Necr           17%        N/A       99%         6
 Dispersal                Tloc           17%        N/A       99%         6
 Dragon Form              Tmut           33%        N/A       99%         7
 Ignition                 Fire           43%        3d12      100%        8
 Lehudib's Crystal Spear  Conj/Erth      28%        10d8      100%        8
 Fire Storm               Conj/Fire      44%        8d11      100%        9
 Simulacrum               Ice/Necr       Unusable   N/A       N/A         6
 Animate Dead             Necr           Unusable   N/A       N/A         4

Dungeon Overview and Level Annotations

Branches:
Dungeon (15/15)            Temple (1/1) D:4            Lair (5/5) D:11
  Swamp (2/4) Lair:3       Spider (4/4) Lair:2        Slime (0/5) Lair:4
    Orc (2/2) D:9             Elf (0/3) Orc:2        Vaults (0/5) D:13
 Depths (0/4) D:15          IceCv (visited)         Gauntlet (visited)

Altars:
Ashenzari
Cheibriados
Dithmenos
Fedhas
Gozag
Hepliaklqana
Kikubaaqudgha
Makhleb
Nemelex Xobeh
Okawaru
Qazlal
Ru
Sif Muna
Trog
Uskayaw
Vehumet
Wu Jian
Xom
Yredelemnul

Shops:
D:8 [   D:10 !!:[   D:12 *   Orc:2 ::**   Lair:1 [[?=

Portals:
Abyss: Lair:3

Annotations:
D:13 3 runed translucent doors, exclusion: obsidian statue
Lair:3 2 transporters, Qenutwie's ghost, journeyman HOCA
Lair:5 exclusion: obsidian statue


Innate Abilities, Weirdness & Mutations

Your natural rate of healing is accelerated.
You have razor-sharp teeth.
You have supernaturally acute eyesight. (SInv)
You are afflicted with vampirism and can become a bat while bloodless.


Message History

The swamp worm bites you.
Unknown command.
You hit the swamp worm but do no damage.
The swamp worm appears confused.
The goliath frog hits you but does no damage.
The swamp worm bites you!
You barely miss the swamp worm.
You catch the helpless swamp worm completely off-guard!
You stick the swamp worm like a pincushion!!!
You kill the swamp worm!
The goliath frog hits you but does no damage.
You enter the shallow water.
Moving in this stuff is going to be slow.
A goliath frog comes into view.
The goliath frog hits you but does no damage.
You see here 6 gold pieces.
The spriggan druid shouts!
You block the goliath frog's attack. The goliath frog hits you from afar!
You are splashed with acid!
The spriggan druid casts a spell at you.
The stone arrow hits you!! The goliath frog hits you from afar.
You are splashed with acid.
The goliath frog hits you from afar.
You are splashed with acid!
The spriggan druid barely misses you.
You hit the spriggan druid.
The spriggan druid is lightly wounded.
The goliath frog hits you from afar. The acid corrodes you!
You are splashed with acid!
The goliath frog hits you from afar!
* * * LOW HITPOINT WARNING * * *
You are splashed with acid!
* * * LOW HITPOINT WARNING * * *
Blink to where?
Press: ? - help, Dir - move target
As you read the scroll of blinking, it crumbles to dust.
The goliath frog hits you from afar!!
* * * LOW HITPOINT WARNING * * *
The acid corrodes you!
You are splashed with acid!
* * * LOW HITPOINT WARNING * * *
The goliath frog hits you from afar!
You die...
Your body crumbles into a pile of gold.

~~~.~
♣♣.~.♣
♣...~♣
♣♣♣~~.~♣ ..
♣♣~~§~.♣..♣
♣.~i$§..♣
♣♣.FF♣~~♣
♣~.§.♣♣♣♣
♣..♣@.♣
♣..♣♣♣.♣
♣... .~♣
♣♣. ~.♣ ♣
.... ....
...... ..♣


You could see a spriggan druid and 2 goliath frogs.

Vanquished Creatures
  Saint Roka (Orc:2)
  Arachne (Spider:2)
  Jorgrun (D:12)
  Mlioglotl (Spider:2)
  Frances (D:12)
  A tengu reaver (D:15)
  Donald (Spider:3)
  2 emperor scorpions
  2 ghost moths
  A juggernaut zombie (D:15)
  A very ugly thing (D:15)
  8 broodmothers
  A minotaur (Gauntlet)
  A spark wasp (Spider:1)
  4 dire elephants (Lair:5)
  Azrael (D:12)
  Snorg (Lair:3)
  A yaktaur captain (D:15)
  5 hydras
  4 entropy weavers
  An ice dragon (IceCv)
  2 ogre magi
  The ghost of Xyukig the Reanimator, a journeyman NaNe (Lair:1)
  A spriggan skeleton (D:15)
  A jorogumo (Spider:4)
  A radroach (Spider:2)
  4 boulder beetles
  Erica (Lair:1)
  A death knight (D:15)
  An alligator (Swamp:1)
  11 centaur warriors
  17 two-headed ogres
  A vampire mage (D:15)
  14 death yaks (Lair:5)
  5 orc high priests (Orc:2)
  Sonja (Lair:4)
  Nergalle (Lair:1)
  A spectral death yak (Lair:5)
  Amaemon (Lair:2)
  4 sun moths
  3 goliath frogs (Swamp:1)
  A shadow wraith (D:13)
  A spectral anaconda (Lair:5)
  2 skeletal warriors (D:15)
  6 steelbarb worms
  3 pharaoh ants
  A flayed ghost (D:15)
  A swamp dragon (Swamp:1)
  2 spriggan druids (Swamp:1)
  A sixfirhy (Gauntlet)
  9 orb spiders
  5 bog bodies
  A wizard (D:13)
  A sphinx zombie (D:15)
  14 wolf spiders
  4 necromancers
  Pikel (D:4)
  8 orc knights
  A deep elf pyromancer (D:15)
  3 manticores
  3 oklob plants
  3 orc sorcerers
  4 cyclopes
  A will-o-the-wisp (Swamp:1)
  3 ugly things (D:15)
  22 elephants
  2 moths of wrath
  5 torpor snails
  2 black mambas
  12 cane toads
  2 ice statues (IceCv)
  Maggie (D:6)
  An orange demon (Lair:2)
  5 yaktaurs (D:15)
  2 kobold demonologists
  3 komodo dragons
  A tengu conjurer (D:13)
  2 unseen horrors (D:11)
  An efreet (D:13)
  An ice devil (D:9)
  9 rime drakes
  2 freezing wraiths
  8 demonic crawlers
  5 trolls
  A bloated husk (Swamp:1)
  3 hornets
  11 meliai
  2 polar bears
  6 tyrant leeches
  Prince Ribbit (D:6)
  12 tarantellas
  12 slime creatures
  5 dream sheep (Lair:5)
  17 blink frogs
  A spectral elephant (Lair:5)
  A raiju (shapeshifter) (D:14)
  33 jumping spiders
  14 culicivoras
  13 flying skulls (Gauntlet)
  Sigmund (D:3)
  3 shadows
  A wyvern (Lair:5)
  2 spriggans (Swamp:1)
  28 yaks
  A vampire (D:9)
  9 basilisks
  An unseen horror simulacrum (D:10)
  Grum (D:9)
  2 wraiths (D:13)
  42 redbacks
  A steam dragon (D:7)
  A death yak simulacrum (Lair:5)
  12 vampire mosquitoes
  Edmund (D:3)
  11 swamp worms
  2 wargs
  3 acid dragons
  A glowing shapeshifter zombie (D:15)
  14 water moccasins
  A spectral cane toad (Lair:5)
  4 hell hounds (D:12)
  30 orc warriors
  An ice beast (D:8)
  3 black bears
  9 ogres
  11 wolves
  A black mamba simulacrum (Lair:1)
  5 boggarts (D:14)
  9 centaurs
  An elephant skeleton (Lair:5)
  4 lemures (D:4)
  Blork the orc (D:4)
  4 kobold brigands
  10 bullfrogs
  4 necrophages
  2 gnoll sergeants
  6 scorpions
  8 wights
  46 killer bees
  2 lindwurm simulacra (IceCv)
  An elephant simulacrum (Lair:5)
  An oklob sapling (D:8)
  7 electric eels
  A howler monkey (D:11)
  A rime drake simulacrum (Lair:1)
  2 gnoll boudas (D:4)
  7 komodo dragon simulacra (IceCv)
  2 lava snakes (Lair:5)
  4 hounds
  6 jellies
  Crazy Yiuf (D:6)
  28 orc priests
  Natasha (twice) (D:3)
  3 iguanas
  24 orc wizards
  7 hell rats
  4 bullfrog simulacra (Lair:1)
  20 gnolls
  5 acid dragon simulacra (IceCv)
  11 adders
  A shadow imp (D:5)
  5 white imps
  5 ufetubi
  7 steam dragon simulacra (IceCv)
  A worm (D:5)
  2 dart slugs
  73 orcs
  14 ball pythons
  7 bats
  4 endoplasms
  5 hobgoblins
  6 quokkas
  A frilled lizard (D:2)
  5 goblins
  18 kobolds
  4 rats
  A butterfly (Lair:2)
1004 creatures vanquished.

Vanquished Creatures (collateral kills)
  Aizul (Lair:3)
  A broodmother (Spider:4)
  A jorogumo (Spider:3)
  2 orb spiders
  A moth of wrath (Spider:2)
  3 demonic crawlers
  A tarantella (Spider:2)
  4 jumping spiders
  2 redbacks (Spider:3)
  An orc priest (Orc:2)
  An orc (D:9)
18 creatures vanquished.

Vanquished Creatures (others)
  An orc wizard (D:9)
  5 demonic plants (D:9)
  8 foxfires (Swamp:1)
  18 fungi
  45 plants
  27 withered plants
104 creatures vanquished.

Grand Total: 1126 creatures vanquished

Notes
Turn   | Place    | Note
-------+----------+-------------------------------------------
     0 | D:1      | Armakuni the Vampire Ice Elementalist began the quest for
                  | the Orb.
     0 | D:1      | Reached XP level 1. HP: 13/13 MP: 3/3
   276 | D:1      | Reached XP level 2. HP: 19/19 MP: 1/5
  1025 | D:2      | Gained mutation: You are afflicted with vampirism and can
                  | become a bat while bloodless. [Vampire growth]
  1025 | D:2      | Reached XP level 3. HP: 20/24 MP: 3/6
  1143 | D:2      | Learned a level 3 spell: Frozen Ramparts
  1630 | D:2      | Learned a level 2 spell: Ensorcelled Hibernation
  2174 | D:3      | Found a faded altar of an unknown god.
  2180 | D:3      | Reached skill level 1 in Hexes
  2180 | D:3      | Reached XP level 4. HP: 30/30 MP: 4/7
  2298 | D:3      | Noticed Sigmund
  2306 | D:3      | Killed Sigmund
  2307 | D:3      | Reached skill level 6 in Ice Magic
  2307 | D:3      | Reached XP level 5. HP: 28/35 MP: 1/8
  2705 | D:3      | Noticed Natasha
  2711 | D:3      | Killed Natasha
  2763 | D:3      | Noticed Natasha
  2769 | D:3      | Killed Natasha
  2770 | D:3      | Reached XP level 6. HP: 38/41 MP: 5/9
  2904 | D:4      | Noticed Edmund
  3042 | D:3      | Learned a level 3 spell: Ozocubu's Armour
  3093 | D:3      | Killed Edmund
  3094 | D:3      | Reached skill level 5 in Stealth
  3094 | D:3      | Reached skill level 7 in Ice Magic
  3199 | D:4      | Reached XP level 7. HP: 21/46 MP: 1/10
  3476 | D:4      | Found a staircase to the Ecumenical Temple.
  3508 | Temple   | Entered the Ecumenical Temple
  3577 | Temple   | Became a worshipper of Gozag Ym Sagoz the Greedy
  3593 | D:4      | Noticed Blork the orc
  3612 | D:4      | Killed Blork the orc
  3686 | D:4      | Found a burning altar of Makhleb.
  3723 | D:4      | Noticed Pikel
  3746 | D:4      | Killed Pikel
  3747 | D:4      | Reached skill level 9 in Ice Magic
  3747 | D:4      | Reached XP level 8. HP: 19/52 MP: 1/11
  4499 | D:4      | Reached skill level 10 in Ice Magic
  4663 | D:5      | Entered Level 5 of the Dungeon
  5014 | D:5      | Reached skill level 11 in Ice Magic
  5307 | D:5      | Found a radiant altar of Vehumet.
  5371 | D:5      | Reached XP level 9. HP: 57/57 MP: 7/12
  5608 | D:6      | Noticed Prince Ribbit
  5783 | D:6      | Killed Prince Ribbit
  5800 | D:6      | Reached skill level 12 in Ice Magic
  5905 | D:6      | Noticed Maggie
  5912 | Abyss:1  | Cast into level 1 of the Abyss (Maggie)
  5922 | D:6      | Escaped the Abyss
  5931 | D:6      | Killed Maggie
  6145 | D:6      | Found a runed translucent door.
  6153 | D:6      | Noticed Crazy Yiuf
  6328 | D:6      | Killed Crazy Yiuf
  6441 | D:7      | Reached skill level 1 in Fighting
  6441 | D:7      | Reached skill level 1 in Short Blades
  6596 | D:7      | Found a hazy altar of Hepliaklqana.
  6936 | D:7      | Found a bloodstained altar of Trog.
  7390 | D:7      | Learned a level 5 spell: Freezing Cloud
  7410 | D:8      | Reached XP level 10. HP: 63/67 MP: 9/16
  7622 | D:8      | Reached skill level 5 in Spellcasting
  7714 | D:8      | Noticed an oklob plant
  8324 | D:8      | Killed an oklob plant
  8596 | D:8      | Learned a level 4 spell: Summon Ice Beast
  8677 | D:8      | Learned a level 2 spell: Wereblood
  8680 | D:8      | Learned a level 2 spell: Passwall
  8684 | D:8      | Bought a smoking cloak for 266 gold pieces
  8684 | D:8      | Identified the +1 cloak of Blue Skies {rPois rC+} (You
                  | bought it in a shop on level 8 of the Dungeon)
  8702 | D:8      | Bought a smelly scale mail for 252 gold pieces
  8702 | D:8      | Identified the +8 scale mail of the Moon Troll {Rampage
                  | Regen+ Str-4} (You bought it in a shop on level 8 of the
                  | Dungeon)
  9028 | D:9      | Found a staircase to the Orcish Mines.
  9091 | D:9      | Reached XP level 11. HP: 69/72 MP: 19/24
  9162 | D:9      | Noticed Grum
  9192 | D:9      | Killed Grum
  9275 | D:9      | Reached skill level 10 in Spellcasting
  9283 | D:9      | Learned a level 3 spell: Swiftness
  9443 | D:8      | Bought a brightly glowing robe for 159 gold pieces
  9443 | D:8      | Identified the +0 robe of a bailey {Int+4} (You bought it
                  | in a shop on level 8 of the Dungeon)
  9481 | D:9      | Reached skill level 1 in Air Magic
  9875 | D:9      | Noticed a centaur warrior
  9886 | D:9      | Killed a centaur warrior
  9888 | D:9      | Noticed a soul eater
  9995 | D:10     | Entered Level 10 of the Dungeon
 10260 | D:10     | Noticed a two-headed ogre
 10267 | D:10     | Killed a two-headed ogre
 10268 | D:10     | Reached skill level 5 in Air Magic
 10330 | D:10     | Reached skill level 1 in Conjurations
 10718 | D:10     | Found a shadowy altar of Dithmenos.
 10757 | D:10     | Found Karirph's Antique Armour Shop.
 10759 | D:10     | Found Kufest's Distillery.
 10762 | D:10     | Found Ziso's Book Shop.
 10762 | D:10     | Found Ucvymeog's Distillery.
 10809 | D:10     | Noticed a two-headed ogre
 10821 | D:10     | Killed a two-headed ogre
 11030 | D:10     | Found a shimmering blue altar of Sif Muna.
 11659 | D:11     | Found a bloodstained altar of Trog.
 11706 | D:11     | Found a staircase to the Lair.
 11811 | D:11     | Noticed a two-headed ogre
 11825 | D:11     | Killed a two-headed ogre
 11826 | D:11     | Reached XP level 12. HP: 81/81 MP: 26/26
 12021 | Lair:1   | Entered Level 1 of the Lair of Beasts
 12028 | Lair:1   | Noticed Erica
 12043 | Lair:1   | Killed Erica
 12322 | Lair:1   | Identified the +11 war axe "Ceazukie" {vorpal, rN+ Dex+6}
 12408 | Lair:1   | Noticed Xyukig's ghost (journeyman NaNe)
 12442 | Lair:1   | Found a runed translucent gate.
 12442 | Lair:1   | Found a runed translucent gate.
 12442 | Lair:1   | Found a runed translucent gate.
 12944 | D:9      | Noticed a two-headed ogre
 12952 | D:9      | Killed a two-headed ogre
 12953 | D:9      | Reached skill level 5 in Short Blades
 12967 | D:9      | Reached skill level 10 in Stealth
 12985 | D:9      | Noticed a centaur warrior
 13026 | D:9      | Killed a centaur warrior
 13027 | D:9      | Reached skill level 5 in Fighting
 13277 | Lair:1   | Bought the ring of the Mage {Wiz Archmagi} for 765 gold
                  | pieces
 13277 | Lair:1   | Found the ring of the Mage {Wiz Archmagi}
 13331 | Lair:1   | Reached skill level 5 in Dodging
 13380 | Lair:1   | Noticed Nergalle
 13391 | Lair:1   | Killed Nergalle
 13756 | Lair:2   | Noticed a five-headed hydra
 13756 | Lair:2   | Noticed Amaemon
 13803 | Lair:2   | Noticed a boulder beetle
 13920 | Lair:2   | Found a frozen archway.
 13938 | IceCv    | Entered an ice cave
 13990 | IceCv    | Learned a level 4 spell: Sticky Flame
 14257 | IceCv    | Reached skill level 1 in Fire Magic
 14383 | IceCv    | Noticed an ice dragon
 14383 | IceCv    | Found the amulet of Vitality {RegenMP++ Regen++}
 14385 | IceCv    | Killed an ice dragon
 14386 | IceCv    | Reached skill level 5 in Conjurations
 14654 | IceCv    | Identified the +4 short sword of Jistrur {vorpal, rF-
                  | Will++ MP-9 Int+8}
 14849 | Lair:2   | Killed Amaemon
 14947 | Lair:2   | Killed a five-headed hydra
 15128 | Lair:2   | Reached XP level 13. HP: 91/91 MP: 27/27
 15376 | Lair:2   | Found a hole to the Spider Nest.
 15771 | Lair:3   | Found a transporter.
 15775 | Lair:3   | Found a one-way gate to the infinite horrors of the Abyss.
 15775 | Lair:3   | Noticed Qenutwie's ghost (journeyman HOCA)
 15831 | Lair:3   | Found a transporter.
 16072 | Lair:3   | Noticed Snorg
 16117 | Lair:4   | Reached skill level 5 in Hexes
 16122 | Lair:4   | Noticed Sonja
 16137 | Lair:4   | Killed Sonja
 16324 | Lair:3   | Killed Snorg
 16325 | Lair:3   | Reached skill level 10 in Dodging
 16444 | Lair:3   | Found a staircase to the Swamp.
 16961 | Lair:1   | Bought a +4 scale mail of willpower for 434 gold pieces
 17362 | Lair:4   | Identified the +4 chain mail of Relativism {Str+6 Int+2
                  | Stlth-}
 17643 | Lair:4   | Found a staircase to the Slime Pits.
 17852 | Lair:5   | Entered Level 5 of the Lair of Beasts
 17946 | Lair:5   | Reached skill level 10 in Short Blades
 18187 | Lair:5   | Reached XP level 14. HP: 89/98 MP: 24/28
 18264 | Lair:5   | Learned a level 5 spell: Metabolic Englaciation
 18804 | Lair:5   | Reached skill level 1 in Armour
 19568 | Lair:5   | Got Mimaleg's Compendium of Gelid Sidekicks
 20778 | Orc:1    | Entered Level 1 of the Orcish Mines
 21294 | Orc:2    | Entered Level 2 of the Orcish Mines
 21796 | Orc:2    | Noticed Saint Roka
 21865 | Orc:2    | Reached skill level 13 in Ice Magic
 22025 | Orc:2    | Reached XP level 15. HP: 81/103 MP: 30/32
 22138 | Orc:2    | Killed Saint Roka
 22337 | Orc:2    | Found a staircase to the Elven Halls.
 22446 | Orc:2    | Noticed Maurice
 22448 | Orc:2    | Maurice changed into Maurice the basilisk
 22448 | Orc:2    | Noticed Maurice
 22452 | Orc:2    | Killed Maurice the basilisk
 22464 | Orc:2    | Reached skill level 14 in Ice Magic
 22677 | Orc:2    | Found Biasuuni's Book Shop.
 22688 | Orc:2    | Found Kopan's Book Shop.
 22689 | Orc:2    | Found Syuve's Assorted Antiques.
 22689 | Orc:2    | Found Uhere's Assorted Antiques.
 22700 | Orc:2    | Bought a book of the Wilderness for 494 gold pieces
 22707 | Orc:2    | Learned a level 5 spell: Summon Mana Viper
 22712 | Orc:2    | Bought a book of Touch for 286 gold pieces
 22715 | Orc:2    | Bought a scroll of blinking for 232 gold pieces
 22719 | Orc:2    | Bought a scroll of immolation for 128 gold pieces
 22862 | Lair:1   | Bought a pair of faintly glowing gloves for 218 gold pieces
 22862 | Lair:1   | Identified the +1 pair of gloves of Qazlal, Flying {Will+}
                  | (You bought it in a shop on level 1 of the Lair of Beasts)
 22992 | Lair:1   | Killed Xyukig's ghost
 23010 | Lair:1   | Got the ring of Jidevaw {Fire Drain Str+2 Int+8}
 23579 | Spider:1 | Entered Level 1 of the Spider Nest
 23584 | Spider:1 | Reached skill level 15 in Ice Magic
 23601 | Spider:1 | Reached skill level 1 in Summonings
 24542 | Spider:2 | Noticed Mlioglotl
 24542 | Spider:2 | Noticed an emperor scorpion
 24740 | Spider:3 | Reached skill level 10 in Hexes
 24936 | Spider:2 | Killed an emperor scorpion
 24937 | Spider:2 | Reached skill level 5 in Summonings
 24937 | Spider:2 | Reached skill level 1 in Transmutations
 24946 | Spider:2 | Killed Mlioglotl
 25447 | Spider:2 | Noticed Arachne
 25463 | Spider:2 | Killed Arachne
 25464 | Spider:2 | Reached skill level 5 in Armour
 25570 | Spider:2 | Reached XP level 16. HP: 88/109 MP: 30/33
 26067 | Spider:3 | Noticed Donald
 26079 | Spider:3 | Killed Donald
 26131 | Spider:3 | You fall into a shaft and drop 1 floor!
 26131 | Spider:4 | Entered Level 4 of the Spider Nest
 27052 | Spider:3 | Learned a level 3 spell: Confusing Touch
 27974 | Spider:4 | Reached skill level 16 in Ice Magic
 28751 | Spider:4 | Identified the +2 hat "Yzeacser" {Will- Regen+ Dex+4}
 28758 | Spider:4 | Got a gossamer rune of Zot
 28957 | Lair:1   | Bought a scroll of blinking for 105 gold pieces
 28957 | Lair:1   | Bought a scroll of blinking for 105 gold pieces
 28957 | Lair:1   | Bought a scroll of magic mapping for 105 gold pieces
 29025 | D:12     | Identified the +1 arbalest "Zuymp" {speed, Str+7}
 29258 | D:12     | Noticed Frances
 29280 | D:12     | Killed Frances
 29411 | D:12     | Noticed Azrael
 29424 | D:12     | Killed Azrael
 29870 | D:12     | Found Felawn's Island Escapes.
 29880 | D:12     | Bought a scroll of blinking for 105 gold pieces
 29880 | D:12     | Bought a scroll of blinking for 105 gold pieces
 29880 | D:12     | Bought 3 scrolls of blinking for 315 gold pieces
 29880 | D:12     | Bought a scroll of teleportation for 42 gold pieces
 29880 | D:12     | Bought a potion of haste for 140 gold pieces
 29880 | D:12     | Bought a potion of haste for 140 gold pieces
 29929 | D:12     | Noticed Jorgrun
 29942 | D:12     | Reached XP level 17. HP: 98/115 MP: 18/35
 29947 | D:12     | Killed Jorgrun
 30206 | D:12     | Got Qacainim's Vellum of Toxic Bolts
 31248 | D:13     | Found a runed translucent door.
 31264 | D:13     | Found a runed translucent door.
 31278 | D:13     | Found a runed translucent door.
 31290 | D:13     | Found a runed translucent door.
 31513 | D:13     | Found a gate to the Vaults.
 32672 | D:15     | Entered Level 15 of the Dungeon
 32676 | D:15     | Reached skill level 10 in Armour
 32907 | D:15     | Identified the +9 long sword of Experimentation {vorpal,
                  | rElec Will+ Str+2}
 32908 | D:15     | Found a staircase to the Depths.
 33248 | D:15     | Found a gate leading to a gauntlet.
 33255 | Gauntlet | Entered a Gauntlet
 33255 | Gauntlet | Found a transporter.
 33255 | Gauntlet | Found a transporter.
 33267 | Gauntlet | Found a transporter.
 33285 | Gauntlet | Found a transporter.
 33285 | Gauntlet | Found a transporter.
 33285 | Gauntlet | Found a transporter.
 33287 | Gauntlet | Found a transporter.
 33287 | Gauntlet | Found a transporter.
 33298 | Gauntlet | Found a runed translucent gate.
 33300 | Gauntlet | Found a transporter.
 33301 | Gauntlet | Found a runed translucent gate.
 33302 | Gauntlet | Found a runed translucent gate.
 33316 | Gauntlet | Found a transporter.
 33326 | Gauntlet | Found a transporter.
 33340 | Gauntlet | Found a transporter.
 33360 | Gauntlet | Found a transporter.
 33362 | Gauntlet | Found a runed translucent door.
 33368 | Gauntlet | Found a runed translucent door.
 33372 | Gauntlet | Found a transporter.
 33446 | Gauntlet | Reached skill level 15 in Stealth
 33497 | Gauntlet | Identified the +0 plate armour of the Flute {rF+ Int+6}
 33528 | Gauntlet | Identified the +4 pair of gloves "Teolueq" {Harm Fly rF+}
 33620 | Gauntlet | Identified the +1 plate armour of Virphu {Fly Str+5 SInv}
 33852 | D:15     | Found a runed translucent door.
 33871 | D:15     | Reached skill level 1 in Shields
 34134 | Swamp:1  | Entered Level 1 of the Swamp
 34700 | Swamp:1  | Noticed Aizul
 34762 | Lair:3   | Killed Aizul
 35134 | Swamp:2  | HP: 1/115 [acid (9)]
 35134 | Swamp:2  | Demolished by a goliath frog

Illustrated notes

Levels and vault maps discovered:
D:1:      lemuel_arrival_behind_the_door_small, layout_rooms,
          minmay_heptomino_o4
D:2:      layout_basic, minmay_strange_pillars
D:3:      layout_loops_corners, shapermc_ecumenical_altar_pompeii, uniq_natasha,
          uniq_sigmund
D:4:      layout_layer_cave, mainiacjoe_overflow_catwalk,
          minmay_temple_entry_ruins, uniq_blork_the_orc, uniq_edmund, uniq_pikel
D:5:      wad_pebble_path, layout_loops_ring, good_gods_mini_temple,
          nicolae_overflow_crystal_walls
D:6:      layout_rooms, serial_bayou_pond_d, uniq_maggie, uniq_prince_ribbit1,
          uniq_crazy_yiuf_cottage
D:7:      minmay_skewed_foursquare, layout_rooms,
          mainiacjoe_overflow_cross_hatched, mainiacjoe_overflow_alcove_1
D:8:      layout_rooms, introduction_to_nature_2
D:9:      layout_stronghold, david_orc_4, serial_demonic, serial_demonic_e,
          serial_demonic_e, serial_demonic_c, serial_demonic_c,
          minmay_diced_spiral, uniq_grum
D:10:     layout_irregular_city, lemuel_crystal_altar,
          kennysheep_orc_sif_temple, serial_ice, serial_ice_n, serial_ice_b,
          serial_ice_g, serial_ice_j, minmay_shop_grid_forest
D:11:     nicolae_BIG_FREAKIN_CUBE, layout_loops_ring, minivault_25,
          chequers_serial_rivers_micro_d, serial_park_tiny_2,
          trog_three_pillars_becter
D:12:     wad_woods_minihive, layout_long_grid, nicolae_island_escapes,
          uniq_jorgrun, uniq_frances, uniq_azrael
D:13:     layout_basic, david_vaults_4, drop_trap, minmay_statue_crystal_thing
D:14:     layout_roguey, minmay_curled_crystal
D:15:     gammafunk_depths_entry_grave, layout_loops_cross,
          gauntlet_entry_generic, serial_aquarium, aquarium_bridge_straight
          [aquarium_subvault_bridge, aquarium_subvault_wall,
          aquarium_subvault_bridge, aquarium_subvault_balcony],
          aquarium_window_corridor_1, aquarium_window_fake, aquarium_view_2a,
          aquarium_view_2a, aquarium_balcony_1a, minivault_13
Temple:   nicolae_temple_ecumenical_triangle
Lair:1:   layout_roguey, gammafunk_ghost_icy, uniq_erica, uniq_nergalle
Lair:2:   layout_chaotic_city, spider_nest_entry_webs,
          portal_ice_cave_entry_pillars_2, serial_bayou_shore_b,
          lemuel_fruit_tree, lemuel_fruit_fields, lemuel_fruit_fields,
          grunt_megastairs_3, uniq_amaemon
Lair:3:   layout_cave_pods, nicolae_swamp_entry_splash_gauntlet,
          gammafunk_ghost_abyssal_escape, grunt_forest_small_clearing_treed,
          uniq_snorg
Lair:4:   layout_loops_ring, minmay_slime_entry_oklob_enclosed, worms_lemuel,
          uniq_sonja
Lair:5:   due_jungle_book, layout_cave_pods, nicolae_lair_liquid_snakes,
          infiniplex_staircase_pool
Swamp:1:  layout_basic_swamp, nicolae_swamp_round_clearing, uniq_aizul
Swamp:2:  layout_falls_marsh, nicolae_swamp_big_swirl
Spider:1: layout_spider_delve
Spider:2: layout_spider_delve, nicolae_spider_cling_halls,
          hangedman_spider_tarantella_strand, uniq_arachne, uniq_mlioglotl
Spider:3: layout_spider_delve, uniq_donald
Spider:4: hellmonk_spider_rune_endless_swarm, hellmonk_spider_spawner
Orc:1:    layout_diamond_mine
Orc:2:    st_orc_pillars, layout_diamond_mine, uniq_maurice, uniq_saint_roka

Skill      XL: |  1  2  3  4  5  6  7  8  9 10 11 12 13 14 15 16 17 |
---------------+----------------------------------------------------+-----
Dodging        | 3 4 7 10 | 10.0
Hexes          | 1 2 3 5 10 | 10.0
Ice Magic      | 6 7 9 11 12 13 15 16 | 16.8
Stealth        | 5 7 8 10 12 15 | 15.0
Fighting       | 1 3 5 |  5.0
Short Blades   | 2 3 5 10 | 10.8
Spellcasting   | 4 9 10 13 14 | 14.0
Air Magic      | 5 |  5.0
Conjurations   | 4 5 |  5.0
Fire Magic     | 4 |  4.0
Armour         | 4 5 8 10 | 10.0
Summonings     | 5 |  5.0
Transmutations | 4 |  4.0
Shields        | 4 |  4.6

Action                   |  1- 3 |  4- 6 |  7- 9 | 10-12 | 13-15 | 16-18 || total
-------------------------+-------+-------+-------+-------+-------+-------++-------
Melee: Unarmed           |     1 |       |       |       |       |       ||     1
       Dagger            |    18 |    23 |    50 |   301 |   598 |   783 ||  1773
       Bite              |     3 |     1 |    24 |    56 |   102 |   143 ||   329
       Punch             |       |     1 |     2 |     5 |    11 |     9 ||    28
       Trident           |       |       |   167 |    39 |       |       ||   206
       Quarterstaff      |       |       |       |    59 |       |       ||    59
       Scimitar          |       |       |       |     3 |       |       ||     3
       Long sword        |       |       |       |       |       |    29 ||    29
       Whip              |       |       |       |       |       |     6 ||     6
Throw: Throwing net      |       |       |       |       |     2 |       ||     2
       Dart              |       |       |       |       |       |     5 ||     5
 Cast: Freeze            |    50 |     9 |    12 |    34 |       |       ||   105
       Ensorcelled Hiber |     4 |     9 |     9 |    66 |   127 |   140 ||   355
       Frozen Ramparts   |     1 |     4 |    42 |    42 |    40 |    35 ||   164
       Ozocubu's Armour  |       |     1 |     7 |    18 |     7 |    16 ||    49
       Summon Ice Beast  |       |       |       |    11 |     7 |     6 ||    24
       Freezing Cloud    |       |       |       |    15 |    93 |    64 ||   172
       Sticky Flame      |       |       |       |    32 |    33 |       ||    65
       Metabolic Englaci |       |       |       |       |    26 |     8 ||    34
       Wereblood         |       |       |       |       |     2 |       ||     2
       Swiftness         |       |       |       |       |     3 |       ||     3
       Summon Mana Viper |       |       |       |       |     7 |    11 ||    18
       Passwall          |       |       |       |       |     1 |       ||     1
       Confusing Touch   |       |       |       |       |       |    57 ||    57
Invok: Call Merchant     |       |       |       |     2 |     2 |     1 ||     5
 Abil: Exsanguinate      |       |       |       |       |     1 |       ||     1
       Revivify          |       |       |       |       |     1 |       ||     1
Evoke: Wand              |       |       |    12 |    49 |    32 |     9 ||   102
  Use: Scroll            |       |     6 |     6 |    12 |    14 |    11 ||    49
       Potion            |       |     1 |       |    10 |    10 |     3 ||    24
 Stab: Sleeping          |     6 |     5 |    12 |    37 |    91 |    95 ||   246
       Distracted        |       |       |       |     3 |     6 |    12 ||    21
       Paralysed         |       |       |       |       |     4 |       ||     4
       Confused          |       |       |       |       |       |    53 ||    53
Armor: Robe              |    10 |    19 |    33 |       |       |       ||    62
       Steam dragon scal |       |       |    23 |   108 |       |       ||   131
       Leather armour    |       |       |       |     9 |   178 |   197 ||   384
       Scale mail        |       |       |       |       |       |   208 ||   208
Dodge: Dodged            |    40 |    30 |   171 |   370 |   347 |   548 ||  1506
Block: Buckler           |       |       |       |       |       |     1 ||     1

Table legend: (Time is in decaauts)
 A = Elapsed time spent in this place.
 B = Non-inter-level travel time spent in this place.
 C = Inter-level travel time spent in this place.
 D = Time resting spent in this place.
 E = Time spent auto-exploring this place.
 F = Levels seen in this place.
 G = Mean time per level.
                   A        B        C        D        E       F      G
               +--------+--------+--------+--------+--------+-----+--------+
         Total |  34746 |  31861 |   2885 |   7154 |  13676 |  32 | 1085.8 |
       Dungeon |  17190 |  15908 |   1282 |   2934 |   8239 |  15 | 1146.0 |
        Temple |     81 |     73 |      8 |      0 |     50 |   1 |   81.0 |
          Lair |   8295 |   7065 |   1230 |   1825 |   2910 |   5 | 1659.0 |
         Swamp |    964 |    941 |     23 |    213 |    340 |   2 |  482.0 |
   Spider Nest |   4997 |   4789 |    208 |   1374 |   1199 |   4 | 1249.2 |
  Orcish Mines |   1958 |   1825 |    133 |    524 |    681 |   2 |  979.0 |
         Abyss |     10 |     10 |      0 |      0 |      0 |   1 |   10.0 |
      Ice Cave |    874 |    874 |      0 |    283 |     70 |   1 |  874.0 |
      Gauntlet |    373 |    373 |      0 |      0 |    186 |   1 |  373.0 |
               +--------+--------+--------+--------+--------+-----+--------+

Top non-repeatable levels by time:
  Lair:5: 2950 daAuts
     D:9: 1854 daAuts
Spider:4: 1759 daAuts
  Lair:1: 1703 daAuts
     D:8: 1530 daAuts
     D:4: 1493 daAuts
   Orc:2: 1443 daAuts
  Lair:2: 1404 daAuts
     D:3: 1390 daAuts
    D:12: 1366 daAuts
Spider:2: 1356 daAuts
    D:13: 1296 daAuts
Spider:3: 1183 daAuts
  Lair:3: 1180 daAuts
     D:5: 1093 daAuts
